Map: Lost and Found LE

Players

Lambo - Winner!

  • Race: Zerg Zerg
  • League: Master
  • Spawn Location: 1:00

InZaNe

  • Race: Terran Terran
  • League: Grandmaster
  • Spawn Location: 7:00

Event: HomeStory Cup XVII

VOD

Have the link to the VOD?

Description

Time

  • Played on: June 28, 2018, 10:01 a.m.
  • Length: 10:50

All games in this series

Show
View Real Time Build Order
Export as new Build Order

Lambo Zerg - Winner!

Build Orders: Hatch First 

Get SALT Encoding   

  12  0:00  Drone  
  13  0:12  Overlord  
  13  0:17  Drone  
  14  0:31  Drone x2  
  16  0:47  Hatchery  
  15  0:51  Drone  
  15  0:55  Drone  
  17  0:58  Drone  
  18  1:10  Extractor  
  17  1:13  Spawning Pool  
  17  1:16  Drone  
  17  1:19  Drone  
  18  1:29  Drone  
  20  2:00  Spine Crawler, Queen  
  21  2:02  Zergling x6  
  23  2:13  Drone  
  24  2:22  Drone  
  25  2:23  Drone  
  25  2:26  Drone  
  25  2:29  Zergling x2  
  25  2:34  Drone  
  26  2:44  Drone x2  
  26  2:48  Drone  
  28  2:53  Overlord  
  28  3:02  Extractor  
  28  3:04  Drone  
  28  3:07  Overlord  
  28  3:10  Overlord  
  28  3:24  Overlord  
  28  3:25  Drone x4  
  32  3:27  Queen  
  32  3:29  Queen  
  32  3:30  Drone  
  37  3:34  Drone  
  38  3:41  Drone  
  38  3:43  Drone  
  40  3:51  Drone  
  40  3:57  Drone  
  40  4:00  Drone  
  42  4:03  Hatchery  
  42  4:04  Drone  
  42  4:06  Queen  
  42  4:09  Metabolic Boost  
  44  4:12  Queen  
  44  4:13  Drone  
  47  4:18  Overlord  
  47  4:19  Drone  
  48  4:26  Drone x3  
  51  4:32  Drone  
  51  4:33  Extractor  
  51  4:34  Extractor  
  51  4:35  Zergling x2  
  51  4:36  Drone  
  51  4:37  Spore Crawler, Drone  
  52  4:39  Drone  
  52  4:42  Spore Crawler  
  52  4:43  Drone  
  53  4:47  Spore Crawler  
  53  4:48  Drone  
  53  4:50  Lair  
  53  4:52  Drone  
  54  4:54  Drone x2  
  54  4:56  Drone  
  54  4:59  Drone  
  58  5:11  Drone x2  
  60  5:14  Queen  
  60  5:15  Drone x2  
  60  5:18  Drone x2  
  60  5:19  Overlord  
  63  5:28  Drone  
  63  5:31  Drone x2  
  65  5:38  Roach Warren  
  65  5:39  Drone x2, Evolution Chamber x2  
  65  5:40  Extractor  
  65  5:41  Drone x3  
  65  5:45  Drone  
  65  5:50  Drone x2  
  65  5:57  Overseer  
  67  5:59  Drone x2  
  67  6:01  Drone x2  
  67  6:02  Drone x2  
  67  6:04  Overlord  
  72  6:05  Drone  
  72  6:06  Drone  
  72  6:07  Extractor  
  72  6:08  Pneumatized Carapace  
  72  6:09  Drone  
  72  6:10  Zerg Missile Weapons Level 1  
  74  6:11  Zerg Ground Armor Level 1  
  74  6:16  Overseer  
  74  6:20  Overlord, Extractor  
  74  6:21  Overlord  
  74  6:24  Overlord  
  74  6:25  Roach x2  
  77  6:28  Drone x2  
  77  6:30  Drone  
  77  6:31  Drone  
  81  6:36  Glial Reconstitution  
  81  6:38  Overlord, Drone  
  82  6:45  Overlord  
  82  6:46  Roach x3  
  88  6:53  Roach  
  88  6:56  Drone  
  88  6:57  Drone x2  
  88  6:59  Hatchery  
  88  7:00  Roach x2  
  88  7:01  Roach  
  96  7:05  Roach x2  
  100  7:09  Roach x3  
  100  7:15  Overlord  
  108  7:18  Overlord  
  108  7:19  Roach  
  110  7:24  Roach x2  
  110  7:25  Overlord  
  110  7:27  Overlord  
  110  7:29  Roach x3  
  118  7:31  Overlord  
  118  7:35  Roach x2  
  122  7:38  Roach x2  
  126  7:47  Roach x5  
  136  7:52  Roach x4  
  136  7:57  Roach  
  146  8:02  Roach x3  
  146  8:03  Roach  
  154  8:07  Roach  
  154  8:10  Overlord  
  156  8:13  Ravager x6  
  156  8:15  Overlord  
  156  8:16  Overlord  
  160  8:21  Ravager x2  
  160  8:23  Overlord  
  162  8:28  Overlord  
  162  8:31  Roach x4  
  162  8:34  Roach  
  168  8:41  Roach  
  168  8:42  Roach x3  
  168  8:44  Roach  
  168  8:46  Roach  
  168  8:47  Ravager  
  168  8:48  Ravager  
  177  8:51  Roach  
  177  8:54  Roach  
  179  8:59  Roach  
  173  9:02  Roach  
  173  9:05  Roach  
  173  9:07  Queen  
  173  9:09  Roach  
  169  9:11  Roach  
  168  9:17  Roach x2  
  168  9:18  Roach x5  
  168  9:22  Roach  
  168  9:24  Ravager x2  
  183  9:26  Roach x2  
  183  9:31  Roach  
  189  9:38  Roach x2  
  181  9:45  Roach x4  
  167  9:46  Queen  
  167  9:49  Roach x2  
  154  9:55  Roach  
  154  9:58  Roach x2  
  146  10:09  Roach x2  
  146  10:10  Roach  
  146  10:20  Roach x7  
  152  10:26  Roach x2  
  152  10:27  Ravager  
  155  10:31  Roach  
  149  10:42  Hatchery  
Show
View Real Time Build Order
Export as new Build Order

InZaNe Terran 

Build Orders: Bio Tank, Banshee Rush 

Get SALT Encoding   

  12  0:00  SCV  
  13  0:12  SCV  
  14  0:18  Supply Depot  
  14  0:24  SCV  
  15  0:41  Barracks  
  15  0:54  SCV, Barracks  
  16  1:06  Refinery  
  16  1:07  SCV  
  17  1:19  SCV  
  18  1:27  Marine  
  18  1:32  Orbital Command  
  19  1:41  Marine  
  19  1:42  Supply Depot  
  19  1:45  Marine  
  21  1:50  Bunker  
  21  1:59  Marine, SCV  
  22  2:03  Marine  
  22  2:15  Factory  
  22  2:16  SCV  
  22  2:18  Marine  
  24  2:28  SCV  
  26  2:39  Refinery  
  26  2:40  SCV  
  25  2:52  SCV  
  25  2:54  Command Center  
  26  3:06  Starport  
  26  3:09  Factory Tech Lab  
  26  3:10  SCV  
  27  3:18  Supply Depot  
  27  3:22  SCV  
  28  3:34  SCV  
  28  3:38  Factory Reactor  
  29  3:46  SCV  
  29  3:51  Cloaking Field  
  29  3:52  Banshee  
  32  4:12  Command Center  
  32  4:19  Barracks Tech Lab  
  32  4:20  SCV  
  33  4:24  Orbital Command  
  33  4:27  Marine x2  
  35  4:32  Factory Tech Lab, SCV  
  35  4:35  Widow Mine  
  38  4:38  Banshee  
  38  4:44  SCV  
  42  4:46  Stimpack  
  42  4:50  SCV  
  43  4:56  SCV  
  43  4:57  Factory Tech Lab  
  44  5:01  Marine x2  
  44  5:02  SCV  
  44  5:03  Marine  
  48  5:08  SCV  
  48  5:14  SCV  
  50  5:19  Marine  
  50  5:20  SCV  
  50  5:21  Marine  
  52  5:26  SCV  
  55  5:29  Orbital Command  
  55  5:31  Marine  
  55  5:32  SCV  
  55  5:34  Siege Tank  
  59  5:37  Marine  
  59  5:38  Starport Reactor, SCV  
  59  5:39  Marine  
  62  5:44  SCV  
  62  5:49  Marine  
  64  5:50  SCV  
  64  5:55  Marine  
  64  5:56  Marine, SCV  
  68  6:01  SCV  
  69  6:05  Engineering Bay x2  
  69  6:07  Supply Depot, Marine, SCV  
  69  6:09  SCV  
  72  6:12  Orbital Command, Siege Tank  
  72  6:18  Medivac  
  77  6:23  Refinery, Medivac, SCV  
  77  6:25  Refinery  
  80  6:26  Marine x2  
  80  6:28  Marine  
  80  6:34  SCV  
  80  6:35  SCV  
  80  6:37  SCV  
  83  6:44  Marine  
  83  6:45  Supply Depot  
  83  6:46  SCV, Marine, Siege Tank  
  89  6:47  SCV  
  89  6:49  SCV  
  89  6:50  Marine  
  92  6:59  SCV, Terran Infantry Weapons Level 1  
  93  7:03  Supply Depot  
  93  7:05  Supply Depot  
  93  7:06  Marine, SCV x2  
  96  7:11  Marine x2, SCV  
  99  7:18  SCV x2  
  101  7:25  Siege Tank, SCV  
  105  7:31  SCV x2  
  105  7:34  Marine x3  
  110  7:37  SCV  
  110  7:43  SCV x2  
  113  7:49  Barracks, SCV  
  113  7:50  Barracks  
  113  7:51  Marine x2, Barracks  
  114  7:54  Marauder  
  117  8:00  Terran Infantry Armor Level 1, Missile Turret  
  117  8:05  Missile Turret  
  117  8:06  Siege Tank, SCV x3  
  117  8:08  Barracks  
  117  8:10  Factory  
  117  8:11  Barracks  
  117  8:12  Medivac x2  
  127  8:14  Refinery, Marine  
  127  8:15  Refinery  
  127  8:18  SCV x3  
  128  8:25  Marine  
  128  8:26  Marauder  
  131  8:28  Supply Depot  
  131  8:30  SCV x2  
  131  8:31  Marine  
  131  8:43  Medivac, Marine  
  131  8:44  Medivac  
  131  8:47  Marine  
  129  8:49  Marine  
  129  8:51  Supply Depot  
  129  8:52  Supply Depot  
  129  8:54  Supply Depot  
  129  8:55  Supply Depot  
  127  8:58  Combat Shields  
  127  8:59  Marine x2  
  127  9:01  Marine  
  129  9:05  Marine  
  129  9:07  Marine  
  128  9:11  Liberator  
  128  9:14  Liberator  
  128  9:16  Orbital Command, Marine x2  
  128  9:19  Marine  
  128  9:21  Siege Tank x2  
  128  9:23  Marine  
  125  9:25  Marine  
  125  9:28  Armory  
  132  9:34  Marine  
  131  9:44  Marine x3  
  131  9:45  Marine  
  122  9:52  Marine  
  110  9:56  Siege Tank  
  105  10:02  Marine x3  
  105  10:03  Marauder  
  103  10:10  Marine  
  100  10:20  Marine x3  
  93  10:24  Marine  
  93  10:28  Marine  
Tags
 
Add a new tag
Caveats
  • Supply blocks, unpowered buildings, or Contaminate may cause inaccurate times.
  • Supply counts are checked every 10 seconds.